 Dungeon Crawl Stone Soup version 0.14.1-1-g650416f (webtiles) character file.

20259 Heema the Bludgeoner (level 12, 0/97 HPs)
             Began as a Minotaur Berserker on May 14, 2014.
             Was the Champion of Trog.
             Killed from afar by an efreet (21 damage)
             ... with a fireball
             ... on Level 1 of the Abyss.
             The game lasted 01:13:25 (13865 turns).

Heema the Bludgeoner (Minotaur Berserker)          Turns: 13865, Time: 01:13:55

HP   0/97        AC 19     Str 24      XL: 12   Next: 36%
MP   5/5         EV 10     Int  4      God: Trog [******]
Gold 856         SH  0     Dex 11      Spells:  0 memorised, 11 levels left

rFire  . . .     SeeInvis .     C - +1,+5 great mace (crush)
rCold  + . .     Clarity  +     m - +0 plate armour
rNeg   . . .     Conserve .     (no shield)
rPois  +         rCorr    .     (helmet restricted)
rElec  .         rRot     .     t - +2 cloak {rPois}
SustAb . .       Spirit   .     p - +0 pair of gloves
rMut   .         Warding  .     (no boots)
Saprov . . .     Stasis   .     D - amulet of clarity
MR     .....                    L - +3 ring of evasion
                                d - ring of protection from cold

@: not resistant to hostile enchantments, extremely unstealthy
A: retaliatory headbutt, horns 2, clumsy 1, frail 1
a: Burn Spellbooks, Berserk, Trog's Hand, Brothers in Arms, Renounce Religion


You were on level 1 of the Abyss.
You worshipped Trog.
Trog was exalted by your worship.
You were very hungry.

You visited 2 branches of the dungeon, and saw 14 of its levels.
You visited the Abyss 1 time.

You collected 884 gold pieces.
You spent 28 gold pieces at shops.

Inventory:

Hand weapons
 C - a +1,+5 great mace of crushing (weapon)
 T - a +0,+2 anti-magic great mace
Armour
 m - a +0 plate armour (worn)
 p - a +0 pair of gloves (worn)
 t - a +2 cloak of poison resistance (worn)
 z - a +0 buckler of cold resistance
Magical devices
 a - a wand of polymorph (6)
 f - a wand of frost (19)
 g - a wand of digging (13)
 x - a wand of confusion (9) {unknown}
 G - a wand of slowing (17) {unknown}
 J - a wand of magic darts (0)
 K - a wand of disintegration (15) {unknown}
Comestibles
 c - a beef jerky
 k - 7 bread rations
 u - 3 meat rations
 w - 18 cheeses
 E - a choko
 P - 28 strawberries
Scrolls
 b - 3 scrolls of recharging
 i - 3 scrolls of teleportation
 j - a scroll of remove curse
 n - a scroll of fear
 v - a scroll of enchant weapon II {unknown}
 A - a scroll of fog
 N - a scroll of blinking
Jewellery
 d - a ring of protection from cold (left hand)
 y - an uncursed ring of fire {unknown}
 B - the ring of Gratiam {Str+3 Int+3, unknown}
   (You found it on level 1 of the Abyss)

   [ring of strength]

   It affects your strength (+3).
   It affects your intelligence (+3).
 D - an amulet of clarity (around neck)
 L - a +3 ring of evasion (right hand)
 O - an uncursed amulet of conservation {unknown}
 R - an uncursed ring of regeneration {unknown}
Potions
 e - 3 potions of heal wounds
 h - a potion of haste
 l - 10 potions of curing
 o - a potion of paralysis {unknown}
 q - 3 potions of agility
 r - a potion of invisibility {unknown}
 s - 3 potions of flight {unknown}
 F - a potion of restore abilities {unknown}
 M - 2 potions of berserk rage {unknown}


   Skills:
 - Level 10.6 Fighting
 + Level 18.7 Maces & Flails
 - Level 10.4 Armour
 - Level 2.1 Dodging


You had 11 spell levels left.
You didn't know any spells.

Dungeon Overview and Level Annotations

Branches:
Dungeon (11/15)            Temple (0/1) D:6            Lair (3/8) D:11
    Orc: D:9-12       Swamp: Lair:3-6    Shoals: Lair:3-6     Snake: Lair:3-6
 Spider: Lair:3-6

Altars:
Elyvilon
Fedhas
Kikubaaqudgha
Okawaru
Vehumet
Yredelemnul

Shops:
D:6 *

Annotations:
Lair:2 exclusion: oklob plant
Lair:3 Rupert


Innate Abilities, Weirdness & Mutations

You reflexively headbutt those who attack you in melee.
You have a pair of horns on your head.
You are clumsy. (Dex -2)
You are frail (-10% HP).


Message History

The neqoxec gestures at you.
Strange energies course through your body.
You feel frail. The neqoxec gestures at you.
Strange energies course through your body.
You feel clumsy.
There is an open door here.
The neqoxec gestures at you.
Something tries to feed on your intellect!
The small abomination hits you but does no damage.
The efreet throws fire at you.
The fireball explodes!
The fireball engulfs you!
* * * LOW HITPOINT WARNING * * *
The small abomination hits you.
* * * LOW HITPOINT WARNING * * *
The efreet throws fire at you.
The fireball explodes!
The fireball engulfs you!
One of your 2 scrolls of remove curse catches fire!
One of your 2 scrolls of fog catches fire!
You die...

#.# §. #... .
#..§## ... .
#####§.. #.>#
#####.R###.##..#
.. #.......≈.# .
#.
####..3#...≈.>.#
#..'.......##.##
####........# #
#x@.....##
#.........#
#..#.........
#...#........#
#.# #.......##
.# #.......#
#..#.### ....##
#.#


You could see an efreet, a neqoxec and a small abomination.

Vanquished Creatures
  A hydra (Lair:2)
  A hill giant (D:10)
  Joseph (D:8)
  A cyclops (D:11)
  3 gargoyles
  An item mimic (Lair:1)
  3 spiny frogs (Lair:2)
  Grinder (D:4)
  A komodo dragon (Lair:2)
  4 trolls
  Sonja (D:10)
  Prince Ribbit (D:8)
  2 two-headed ogres
  3 sharks
  8 blink frogs (Lair:2)
  A wyvern (D:11)
  10 yaks
  An elephant slug (Lair:2)
  Eustachio (D:6)
  Grum (D:8)
  A hill giant skeleton (D:8)
  2 hungry ghosts
  Edmund (D:5)
  5 water moccasins
  11 wolves
  4 necrophages (D:6)
  2 ice beasts
  4 orc warriors
  2 black bears
  11 centaurs
  2 phantoms
  3 porcupines (Lair:2)
  4 ogres
  4 sky beasts
  3 crocodiles
  Sigmund (D:2)
  Duvessa (D:7)
  2 giant slugs (Lair:2)
  Blork the orc (D:7)
  4 big kobolds
  A gnoll sergeant (D:10)
  4 jellies
  7 giant frogs
  7 scorpions
  13 killer bees
  2 electric eels (D:11)
  Dowan (D:7)
  A crimson imp (D:8)
  2 goliath beetles
  5 orc priests
  Crazy Yiuf (D:4)
  A giant frog skeleton (D:11)
  A quasit (D:7)
  6 hounds
  5 iguanas
  7 orc wizards
  8 worker ants
  An orange rat (D:7)
  A killer bee zombie (D:6)
  2 sheep (D:11)
  Ijyb (D:2)
  An ogre skeleton (D:11)
  A hound zombie (D:6)
  Terence (D:3)
  2 worker ant zombies
  A mummy (D:8)
  20 adders
  10 gnolls
  A worm zombie (D:6)
  4 green rats
  5 shadow imps
  4 worms
  An iguana skeleton (D:10)
  3 giant eyeballs
  9 giant geckos
  2 oozes
  27 orcs
  A ball python (D:3)
  22 bats
  10 giant cockroaches
  21 hobgoblins
  4 jackals (D:11)
  7 quokkas
  2 giant gecko skeletons (D:8)
  5 giant newts
  15 goblins
  A hobgoblin skeleton (D:5)
  A jackal skeleton (D:5)
  55 kobolds
  A kobold skeleton (D:5)
  An orc skeleton (D:4)
  2 orc zombies
  39 rats
  7 ballistomycetes (D:8)
  2 bushes (D:6)
  2 fungi
  2 plants (D:8)
483 creatures vanquished.

Vanquished Creatures (others)
  A giant spore (D:8)
  2 plants (D:6)
3 creatures vanquished.

Grand Total: 486 creatures vanquished

Notes
Turn   | Place    | Note
--------------------------------------------------------------
     0 | D:1      | Heema, the Minotaur Berserker, began the quest for the Orb.
     0 | D:1      | Reached XP level 1. HP: 19/19 MP: 1/1
    66 | D:1      | Reached skill level 4 in Maces & Flails
   181 | D:1      | Reached XP level 2. HP: 26/26 MP: 1/1
   205 | D:1      | Acquired Trog's second power
   505 | D:1      | Reached skill level 5 in Maces & Flails
   720 | D:1      | Reached XP level 3. HP: 23/31 MP: 2/2
   867 | D:2      | Noticed Sigmund
   882 | D:2      | Killed Sigmund
   882 | D:2      | Reached skill level 6 in Maces & Flails
   882 | D:2      | Reached XP level 4. HP: 16/39 MP: 2/2
  1127 | D:2      | Noticed Ijyb
  1137 | D:2      | Killed Ijyb
  1137 | D:2      | Reached skill level 7 in Maces & Flails
  1137 | D:2      | Reached XP level 5. HP: 25/45 MP: 2/2
  1718 | D:3      | Noticed Terence
  1730 | D:3      | Killed Terence
  2500 | D:3      | Reached skill level 8 in Maces & Flails
  2512 | D:3      | Acquired Trog's third power
  2663 | D:4      | Reached XP level 6. HP: 35/51 MP: 3/3
  2957 | D:4      | Reached skill level 9 in Maces & Flails
  3008 | D:4      | Noticed Grinder
  3031 | D:4      | Killed Grinder
  3031 | D:4      | Reached skill level 10 in Maces & Flails
  3031 | D:4      | Reached XP level 7. HP: 57/57 MP: 3/3
  3287 | D:4      | Noticed Crazy Yiuf
  3306 | D:4      | Killed Crazy Yiuf
  3429 | D:5      | Entered Level 5 of the Dungeon
  3438 | D:5      | Found a basalt altar of Yredelemnul.
  3444 | D:5      | Noticed Edmund
  3461 | D:5      | Killed Edmund
  3483 | D:5      | Reached skill level 11 in Maces & Flails
  3734 | D:5      | Reached XP level 8. HP: 57/64 MP: 3/3
  4208 | D:6      | Found a blossoming altar of Fedhas.
  4209 | D:6      | Found Ligev's General Store.
  4216 | D:6      | Bought a potion of curing for 28 gold pieces
  4346 | D:6      | Found a staircase to the Ecumenical Temple.
  4410 | D:6      | Noticed Eustachio
  4427 | D:6      | Reached skill level 5 in Fighting
  4430 | D:6      | Killed Eustachio
  4430 | D:6      | Reached skill level 5 in Armour
  4748 | D:6      | Found an iron altar of Okawaru.
  4838 | D:6      | Found an ancient bone altar of Kikubaaqudgha.
  4848 | D:6      | Found a radiant altar of Vehumet.
  5042 | D:6      | Reached XP level 9. HP: 75/79 MP: 4/4
  5106 | D:7      | Noticed Duvessa
  5106 | D:7      | Noticed Dowan
  5112 | D:6      | Received a gift from Trog
  5445 | D:7      | Killed Duvessa
  5448 | D:7      | Killed Dowan
  6038 | D:7      | Noticed Blork the orc
  6060 | D:7      | Killed Blork the orc
  6642 | D:7      | Identified a scroll of acquirement
  7226 | D:8      | Noticed Prince Ribbit
  7232 | D:8      | Killed Prince Ribbit
  7362 | D:8      | Noticed Grum
  7368 | D:8      | Killed Grum
  7368 | D:8      | Reached XP level 10. HP: 71/92 MP: 4/4
  7380 | D:8      | Reached skill level 10 in Fighting
  7572 | D:8      | Received a gift from Trog
  7577 | D:8      | Reached skill level 10 in Armour
  7653 | D:8      | Noticed Joseph
  7679 | D:8      | Killed Joseph
  8087 | D:8      | Reached skill level 12 in Maces & Flails
  8643 | D:9      | Found a white marble altar of Elyvilon.
  8711 | D:9      | Reached skill level 13 in Maces & Flails
  8931 | D:9      | Paralysed by a giant eyeball for 3 turns
  9011 | D:10     | Entered Level 10 of the Dungeon
  9284 | D:10     | Received a gift from Trog
  9367 | D:10     | Reached skill level 14 in Maces & Flails
  9535 | D:10     | Reached XP level 11. HP: 91/101 MP: 4/4
  9538 | D:10     | Noticed Sonja
  9650 | D:10     | Killed Sonja
 10039 | D:10     | Reached skill level 15 in Maces & Flails
 10115 | D:10     | Noticed a hill giant
 10118 | D:10     | Killed a hill giant
 10516 | D:11     | Found a staircase to the Lair.
 10526 | D:11     | Reached skill level 16 in Maces & Flails
 11256 | D:11     | Received a gift from Trog
 11256 | D:11     | Reached skill level 17 in Maces & Flails
 11577 | Lair:1   | Entered Level 1 of the Lair of Beasts
 12524 | Lair:2   | Reached XP level 12. HP: 102/108 MP: 5/5
 12544 | Lair:2   | Noticed a six-headed hydra
 12552 | Lair:2   | Killed a six-headed hydra
 12791 | Lair:2   | Reached skill level 18 in Maces & Flails
 13044 | Lair:2   | Received a gift from Trog
 13778 | Lair:3   | Noticed Rupert
 13797 | Lair:3   | Paralysed by Rupert for 5 turns
 13802 | Lair:3   | Cast into the Abyss (Rupert)
 13827 | Abyss:1  | Got a heavily runed lapis lazuli ring
 13861 | Abyss:1  | Gained mutation: You are frail (-10% HP). [a neqoxec]
 13862 | Abyss:1  | Gained mutation: You are clumsy. (Dex -2) [a neqoxec]
 13865 | Abyss:1  | Killed from afar by an efreet

Action                   |  1- 3 |  4- 6 |  7- 9 | 10-12 || total
-------------------------+-------+-------+-------+-------++-------
Melee: Mace              |    63 |   189 |    46 |       ||   298
       Dire flail        |       |       |   176 |       ||   176
       Unarmed           |       |       |     6 |       ||     6
       Great mace        |       |       |   174 |   592 ||   766
Invok: Berserk           |     1 |     2 |     5 |     4 ||    12
       Trog's Hand       |       |     2 |       |     3 ||     5
       Burn Spellbooks   |       |       |     1 |     2 ||     3
Evoke: Wand              |       |       |       |     3 ||     3
  Use: Scroll            |       |     2 |     9 |    10 ||    21
